 Dungeon Crawl Stone Soup version 0.30.1-11-g7821555f0a (webtiles) character file.

Game seed: 12306659722156486743

93 Kwame the Shooter (level 4, 0/34 HPs)
             Began as a Human Hunter on Nov 14, 2023.
             Slain by an iguana (11 damage)
             ... on level 4 of the Dungeon.
             The game lasted 00:04:03 (505 turns).

Kwame the Shooter (Human Hunter)                     Turns: 505, Time: 00:04:03

Health: 0/34       AC:  3    Str: 11    XL:     4   Next: 92%
Magic:  4/4        EV: 12    Int: 11    God:
Gold:   69         SH:  0    Dex: 17    Spells: 4/4 levels left

rFire   . . .        b - +0 trident (freeze)
rCold   . . .        (no shield)
rNeg    . . .        c - +0 leather armour
rPois   .            (no helmet)
rElec   .            (no cloak)
rCorr   .            (no gloves)
SInv    .            (no boots)
Will    .....        (no amulet)
Stlth   ++           (no ring)
HPRegen 0.25/turn    (no ring)
MPRegen 0.09/turn

%: no passive effects
@: no status effects
A: no striking features
a: no special abilities


You were on level 4 of the Dungeon.
You visited 1 branch of the dungeon, and saw 4 of its levels.

You collected 69 gold pieces.

Inventory:

Hand Weapons
 a - a +0 heavy shortbow
 b - a +0 trident of freezing (weapon)
Missiles
 g - 3 boomerangs
Armour
 c - a +0 leather armour (worn)
Scrolls
 e - a scroll of magic mapping {unknown}
 f - a scroll of identify {unknown}
 h - a scroll of teleportation {unknown}
 i - a scroll of vulnerability {unknown}
 j - a scroll of noise


   Skills:
 * Level 2.3 Fighting
 * Level 0.2 Polearms
 * Level 5.1 Ranged Weapons
 * Level 0.3 Throwing
 * Level 0.5 Armour
 * Level 2.2 Dodging
 * Level 1.6 Stealth
 * Level 0.6 Spellcasting


You had 4 spell levels left.
You didn't know any spells.
Your spell library contained the following spells:

 Spells                   Type           Power      Damage    Failure   Level
 Vhi's Electric Charge    Tloc/Air       0%         N/A       80%         3
 Arcjolt                  Conj/Air       0%         1d10      100%        5
 Plasma Beam              Fire/Air       0%         2x1d11    100%        6


Dungeon Overview and Level Annotations

Branches:
Dungeon (4/15)
 Temple: D:4-7

Altars:

Annotations:
D:1 1 runed translucent door
D:2 Sigmund
D:4 Blork the orc


Message History

Aim: an iguana (66% to hit)
You shoot an arrow. The arrow closely misses the iguana.
Your +0 trident of freezing glows with a cold blue light!
b - a +0 trident of freezing (weapon)
The iguana barely misses you.
You hit the iguana but do no damage.
An adder comes into view.
The iguana bites you!
The adder moves out of view.
You barely miss the iguana. The ufetubus barely misses you.
The ufetubus hits you. The iguana closely misses you.
The adder hisses angrily.
You hit the iguana but do no damage. The ufetubus hits you.
The ufetubus hits you but does no damage.
The ufetubus completely misses you. The ufetubus barely misses you.
The iguana barely misses you.
The iguana hisses menacingly.
The ufetubus barely misses you. The ufetubus closely misses you.
The iguana attacks as you move away! The iguana bites you!
The iguana attacks as you move away! The iguana barely misses you.
The ufetubus attacks as you move away! The ufetubus hits you.
* * * LOW HITPOINT WARNING * * *
The ufetubus barely misses you. The ufetubus hits you.
* * * LOW HITPOINT WARNING * * *
The ufetubus hits you but does no damage.
Found a murky red potion.
The ufetubus hits you.
* * * LOW HITPOINT WARNING * * *
The ufetubus barely misses you.
It was a potion of curing.
You feel better. The ufetubus barely misses you. x2
You miss the ufetubus. The ufetubus barely misses you. x2
The ufetubus misses you. The ufetubus barely misses you.
You hit the ufetubus. You freeze the ufetubus.
You kill the ufetubus!
You barely miss the iguana.
The iguana hisses menacingly.
The iguana closely misses you.
You hit the iguana. You freeze the iguana.
The iguana is lightly wounded.
The iguana bites you!
You die...

### #!. #.# #.#
#.# #.# #.# #@# #
#l#####.##
##S##.S....
##...#.#....
##...........
#!.......#..
###.......#
#........†####..#
#.##............#


You could see an iguana and an adder.

Vanquished Creatures
  An orc priest (D:3)
  An iguana (D:4)
  An ufetubus (D:4)
  A worm (D:2)
  2 orcs (D:3)
  2 endoplasms (D:1)
  5 hobgoblins
  5 kobolds
  A quokka (D:4)
  3 ball pythons
  2 frilled lizards
  3 giant cockroaches
  A rat (D:1)
28 creatures vanquished.

Notes
Turn   | Place    | Note
-------+----------+-------------------------------------------
     0 | D:1      | Kwame the Human Hunter began the quest for the Orb.
     0 | D:1      | Reached XP level 1. HP: 16/16 MP: 1/1
     1 | D:1      | Found a runed translucent door.
    30 | D:1      | Reached XP level 2. HP: 20/22 MP: 2/2
   163 | D:2      | Noticed Sigmund
   206 | D:2      | Reached XP level 3. HP: 27/27 MP: 3/3
   237 | D:3      | Reached XP level 4. HP: 32/33 MP: 4/4
   464 | D:4      | Noticed Blork the orc
   471 | D:4      | Reached skill level 5 in Ranged Weapons
   505 | D:4      | Slain by an iguana

Illustrated notes

Levels and vault maps discovered:
D:1:      dpeg_arrival_caged_fury, layout_rooms
D:2:      layout_loops_ring, uniq_jessica, uniq_terence, uniq_sigmund
D:3:      layout_basic, hellmonk_ecumenical_altar_leap_of_faith
D:4:      layout_loops_ring, trog_butcher_becter, minmay_temple_entry_offerings,
          uniq_blork_the_orc

Skill      XL: |  1  2  3  4 |
---------------+-------------+-----
Ranged Weapons | 5 |  5.1
Fighting       | |  2.3
Polearms       | |  0.2
Throwing       | |  0.3
Armour         | |  0.5
Dodging        | |  2.2
Stealth        | |  1.6
Spellcasting   | |  0.6

Action                     |  1- 3 |  4- 6 || total
---------------------------+-------+-------++-------
  Melee: Trident           |       |    12 ||    12
   Fire: Shortbow          |    36 |    12 ||    48
    Use: Scroll            |     1 |     3 ||     4
         Potion            |       |     1 ||     1
 Armour: Leather armour    |       |     2 ||     2
  Dodge: Dodged            |     7 |    19 ||    26
